AoeStats
← driboperez

MegaRandom

509121086Analyzed
3v3 RM · 6d ago on Sep 25, 2026· 73m 28s· 6 players
Game mode
Random Map
Map size
Normal (6 player)
Population
200
Speed
Normal
Resources
Standard
Victory
Conquest
Starting age
Dark Age
Ending age
Imperial Age
RankedLock teamsTeams togetherTeam positionsShared explorationLock speedFull tech treeHidden civsTurbo modeCheats
Victory
Defeat
🇪🇸 Wei · Spain
990
+16
🇸🇪 Danes · Sweden
920
+19
🇩🇪 Franks · Germany
888
+55
🇬🇧 Saxons · United Kingdom
1133
-23
🇩🇪 Huns · Germany
928
-16
🇺🇸 Danes · United States
917
-29
villenorrman
5:21 Loom
11:29 Feudal Age
14:12 Double-Bit Axe
14:40 Horse Collar
18:14 Castle Age
20:18 Pikeman
20:59 Squires
20:46 Arson
21:30 Bow Saw
21:58 Wheelbarrow
22:14 Town Watch
23:05 Forging
27:09 Hand Cart
31:56 Town Patrol
32:27 Heavy Plow
33:12 Elite Skirmisher
34:18 Ballistics
33:50 Fletching
34:04 Scale Mail Armor
35:23 Thumb Ring
36:32 Chain Mail Armor
36:52 Iron Casting
36:11 Fletching
39:37 Imperial Age
38:01 Bodkin Arrow
38:41 Iron Casting
41:28 Conscription
41:34 Conscription
40:35 Hamask
43:03 Plate Mail Armor
43:33 Blast Furnace
42:29 Gambesons
42:05 Man-at-Arms
42:41 Long Swordsman
44:13 Caravan
45:01 Two-Handed Swordsman
45:11 Halberdier
45:12 Two-Handed Swordsman
45:55 Bracer
50:37 Champion
53:52 Onager
56:17 Siege Onager
61:44 Capped Ram
64:19 Halberdier
Julesfreeman
10:19 Feudal Age
11:04 Double-Bit Axe
21:54 Castle Age
21:39 Gold Mining
23:08 Bow Saw
23:42 Stone Mining
26:17 Gold Shaft Mining
26:06 Ballistics
25:50 Husbandry
31:32 Wheelbarrow
30:43 Town Watch
30:43 Loom
31:49 Scale Barding Armor
31:55 Forging
36:26 Imperial Age
35:23 Iron Casting
34:43 Fletching
35:15 Chain Barding Armor
36:19 Hand Cart
36:05 Town Patrol
38:10 Blast Furnace
36:45 Cavalier
40:06 Chemistry
39:19 Masonry
39:14 Siege Engineers
39:20 Murder Holes
39:10 Treadmill Crane
41:31 Plate Barding Armor
40:54 Paladin
44:04 Architecture
53:07 Coinage
52:40 Caravan
55:17 Banking
54:27 Ordonnance Companies
54:29 Elite Throwing Axeman
63:54 Hoardings
driboperez
7:36 Loom
10:52 Feudal Age
11:50 Double-Bit Axe
11:49 Horse Collar
21:37 Castle Age
21:53 Stone Mining
21:54 Gold Mining
23:04 Bow Saw
22:57 Heavy Plow
23:22 Bloodlines
23:51 Stone Shaft Mining
24:03 Husbandry
23:35 Light Cavalry
24:15 Town Watch
26:11 Wheelbarrow
26:43 Scale Barding Armor
27:23 Forging
29:21 Iron Casting
29:34 Gold Shaft Mining
30:36 Hand Cart
32:41 Chain Barding Armor
32:12 Fletching
37:29 Imperial Age
37:37 Elite Tiger Cavalry
39:25 Blast Furnace
38:51 Conscription
40:15 Crop Rotation
40:49 Ming Guang Armor
41:05 Bodkin Arrow
48:09 Tuntian
51:00 Bracer
51:01 Padded Archer Armor
51:01 Scale Mail Armor
51:21 Caravan
51:40 Fortified Wall
51:41 Masonry
51:12 Treadmill Crane
51:28 Murder Holes
51:38 Elite Skirmisher
52:24 Thumb Ring
54:30 Hoardings
56:15 Chemistry
58:29 Leather Archer Armor
59:07 Hussar
66:33 Ring Archer Armor
66:18 Chain Mail Armor
The Great Lynx Paw
9:22 Loom
11:18 Feudal Age
12:38 Town Watch
15:50 Castle Age
13:52 Double-Bit Axe
14:50 Scale Mail Armor
17:47 Chain Mail Armor
18:01 Horse Collar
22:33 Squires
23:24 Gambesons
23:49 Fletching
23:48 Arson
25:47 Gold Mining
26:23 Forging
27:44 Iron Casting
27:10 Bodkin Arrow
28:17 Iron Casting
28:52 Wheelbarrow
28:51 Bow Saw
28:20 Pikeman
30:09 Hand Cart
30:28 Stone Mining
31:46 Gold Shaft Mining
33:39 Padded Archer Armor
35:46 Thumb Ring
35:02 Crossbowman
36:59 Ballistics
40:33 Imperial Age
39:40 Heavy Plow
40:39 Elite Varangian Guard
41:51 Plate Mail Armor
42:15 Conscription
42:39 Halberdier
44:04 Shield Wall
45:25 Bracer
44:56 Elite Skirmisher
48:24 Hoardings
48:00 Siege Engineers
48:32 Capped Ram
49:51 Clerical Recruitment
51:17 Redemption
51:23 Block Printing
53:40 Chemistry
52:31 Guard Tower
52:52 Masonry
53:20 Sanctity
54:12 Illumination
54:09 Caravan
54:44 Leather Archer Armor
56:39 Keep
56:36 Architecture
55:52 Arrowslits
55:56 Siege Ram
56:58 Elite Hearth Troop
58:29 Man-at-Arms
59:00 Long Swordsman
59:40 Arrowslits
59:21 Long Swordsman
60:11 Two-Handed Swordsman
60:57 Champion
61:53 Guilds
63:59 Murder Holes
64:25 Treadmill Crane
64:23 Arbalester
70:50 Fortified Wall
Saul Longbowman
5:20 Loom
7:49 Loom
8:09 Loom
12:39 Feudal Age
13:46 Double-Bit Axe
15:54 Fletching
21:17 Wheelbarrow
21:29 Padded Archer Armor
24:46 Castle Age
23:41 Horse Collar
24:16 Gold Mining
25:38 Thumb Ring
26:50 Bodkin Arrow
28:01 Leather Archer Armor
28:30 Bow Saw
34:50 Bloodlines
34:41 Husbandry
36:26 Heavy Plow
37:19 Hand Cart
38:05 Marauders
44:41 Imperial Age
43:02 Scale Barding Armor
43:08 Forging
44:25 Chain Barding Armor
53:10 Imperial Age
54:25 Marauders
60:15 Plate Barding Armor
64:52 Masonry
68:21 Light Cavalry
69:59 Hussar
Rectangular Businessman
7:18 Loom
11:24 Feudal Age
21:51 Castle Age
23:18 Forging
24:58 Squires
26:04 Gold Mining
26:05 Stone Mining
26:22 Double-Bit Axe
26:51 Horse Collar
29:59 Bow Saw
31:44 Wheelbarrow
31:33 Scale Mail Armor
31:24 Gambesons
31:25 Arson
32:52 Hand Cart
34:26 Iron Casting
34:07 Chain Mail Armor
34:48 Gold Shaft Mining
34:51 Stone Shaft Mining
37:52 Town Watch
39:30 Town Patrol
42:33 Imperial Age
40:43 Hamask
40:51 Pikeman
43:44 Siege Engineers
43:51 Masonry
43:08 Capped Ram
44:13 Conscription
43:17 Halberdier
44:30 Elite Varangian Guard
48:02 Siege Ram
50:27 Elite Jomsviking
50:33 Northmen's Fury
51:42 Murder Holes
74:35 Blast Furnace
74:06 Plate Mail Armor
Connection lost

Rejoining the realm…

Still unreachable

The connection could not be restored.

Session expired

The server has moved on; the page needs a fresh start.